Red Wings vs Sabres
Created - 9 décembre 2016 at 19:01
Goals
|
| Red Wings |
2 |
1 |
1 |
4 |
| Sabres |
2 |
0 |
1 |
3 |
|
Shots
|
| Red Wings |
8 |
9 |
16 |
33 |
| Sabres |
9 |
11 |
8 |
28 |
|
1st period
1. Red Wings , Sean Bergenheim 6 (Adam Henrique, Tyler Johnson) at 2:04 (PP)
2. Sabres , Andrew Cogliano 12 (Zach Parise, Rob Scuderi) at 3:25 (SH)
3. Sabres , Andrew Cogliano 13 (Jaromir Jagr, Danny Richmond) at 6:06
4. Red Wings , Adam Henrique 2 (Tomas Plekanec) at 13:15
Penalties :
Danny Richmond (Buf) for Roughing (Minor) at 1:10, Jordan Leopold (Buf) for Hooking (Minor) at 3:16, Tomas Plekanec (Det) for Tripping (Minor) at 7:06, Stephane Robidas (Det) for Hooking (Minor) at 17:45
2nd period
5. Red Wings , Shea Weber 3 (Rick Nash, Mike Richards) at 5:40 (PP)
Penalties :
Zach Parise (Buf) for High sticking (Minor) at 5:10, Mike Brown (Det) for Hooking (Minor) at 8:04
3rd period
6. Sabres , Zach Bogosian 4 (Jason Pominville) at 10:02 (PP)
7. Red Wings , Steve Downie 3 (Rick Nash) at 15:33
Penalties :
Mike Brown (Det) for Cross-checking (Minor) at 9:35
Goalie Stats
Michal Neuvirth (Det), 25 saves from 28 shots - (0,893), W, 9-6-3, 60:00 minutes
Robin Lehner (Buf), 29 saves from 33 shots - (0,879), L, 9-9-2, 58:48 minutes
Players Stats for Red Wings
Player Name G A P +/- PIM S H SB GA TA FO MP PP MP PK MP
------------------------------------------------------------------------------------
Adam Henrique 1 1 2 1 0 4 1 0 1 0 0/0 11:57 1:37 0:00
Ales Hemsky 0 0 0 1 0 3 1 0 0 0 0/1 10:13 0:00 0:00
Alex Picard 0 0 0 -1 0 1 1 0 1 0 0/0 8:42 0:00 0:00
Chris Campoli 0 0 0 0 0 2 1 0 2 0 0/0 18:25 0:00 4:09
Filip Kuba 0 0 0 1 0 0 1 3 1 1 0/0 18:44 1:34 2:15
Jonathan Sigalet 0 0 0 0 0 0 1 0 0 1 0/0 16:08 1:34 0:19
Maxim Kondratiev 0 0 0 1 0 0 1 0 0 1 0/0 18:28 0:00 3:50
Mike Brown 0 0 0 -1 4 0 1 0 0 1 1/2 8:41 0:00 0:00
Mike Richards 0 1 1 0 0 4 2 0 1 0 17/36 23:25 1:46 3:02
Nate Thompson 0 0 0 -1 0 1 1 0 0 1 2/2 8:42 0:00 0:00
Phil Kessel 0 0 0 -1 0 2 2 0 0 0 0/0 14:20 1:46 0:00
Rick Nash 0 2 2 0 0 2 2 1 0 0 0/0 23:25 1:46 3:02
Sean Bergenheim 1 0 1 0 0 3 1 0 0 0 0/0 14:18 1:37 0:00
Shea Weber 1 0 1 -1 0 3 2 2 0 0 0/0 25:24 1:49 2:15
Stephane Robidas 0 0 0 -1 2 1 0 3 0 3 0/0 22:52 1:49 0:00
Steve Downie 1 0 1 1 0 2 3 0 0 0 0/0 21:53 0:00 3:22
Tomas Plekanec 0 1 1 1 2 4 2 0 0 0 4/8 10:15 0:00 0:00
Tyler Johnson 0 1 1 0 0 1 1 1 1 2 13/21 17:40 1:37 3:22
Players Stats for Sabres
Player Name G A P +/- PIM S H SB GA TA FO MP PP MP PK MP
------------------------------------------------------------------------------------
Andrew Cogliano 2 0 2 1 0 3 1 0 3 1 4/9 21:25 2:16 2:40
Brandon Sutter 0 0 0 0 0 5 0 0 0 0 6/12 11:13 0:00 1:06
Danny Richmond 0 1 1 0 2 1 1 1 0 1 0/0 24:51 4:25 0:32
Enver Lisin 0 0 0 -1 0 0 0 0 0 1 1/1 8:30 0:28 0:00
J.T. Miller 0 0 0 0 0 0 0 0 0 0 9/23 19:16 3:41 0:00
Jakub Kindl 0 0 0 1 0 1 0 0 0 0 0/0 16:44 0:35 0:11
Jaromir Jagr 0 1 1 0 0 2 2 1 1 0 0/1 18:56 0:09 0:34
Jason Pominville 0 1 1 0 0 4 5 2 1 0 1/1 19:50 3:41 0:34
Jordan Leopold 0 0 0 -1 2 1 2 3 1 1 0/0 16:34 1:24 0:50
Matt Martin 0 0 0 0 0 0 0 0 0 0 0/0 10:06 0:00 0:00
Michael Haley 0 0 0 -1 0 1 2 0 0 0 0/0 8:39 0:27 0:09
Patrice Cormier 0 0 0 -1 0 0 1 0 0 1 0/2 8:02 0:00 0:00
Randy Jones 0 0 0 0 0 0 1 2 0 1 0/0 18:27 1:24 1:06
Rob Scuderi 0 1 1 1 0 1 2 1 0 1 0/0 22:49 0:57 2:17
Ryan O'Reilly 0 0 0 0 0 1 0 0 0 0 10/17 18:44 2:15 0:00
Zach Bogosian 1 0 1 -1 0 4 1 0 0 0 0/0 20:34 4:03 1:50
Zach Parise 0 1 1 1 2 2 2 0 3 0 2/4 20:58 3:41 1:43
Zack Kassian 0 0 0 0 0 2 0 0 1 0 0/0 10:56 2:34 0:00
3 Stars
1 - Andrew Cogliano (Buf)
2 - Adam Henrique (Det)
3 - Steve Downie (Det)
Power Play
Red Wings - 2 on 3 Attempt(s) - 66,67%
Sabres - 1 on 4 Attempt(s) - 25,00%
Penalty Kill
Red Wings - 3 on 4 Attempt(s) - 75,00%
- Score 0 goal in Penalty Kill
Sabres - 1 on 3 Attempt(s) - 33,33%
- Score 1 goal in Penalty Kill
Team Stat
Red Wings - Hits : 24 - Faceoff Wins : 37 - Blocked Shots : 10 - Penalty Minutes : 8
Sabres - Hits : 20 - Faceoff Wins : 33 - Blocked Shots : 10 - Penalty Minutes : 6
Official
Referees : VanMassenhoven Don and L'Ecuyer Frederick
Linesman : Brian Murphy and Andy McElman
Game Notes
Zack Kassian is injured at 11:50 of 3rd period (Sprained Left Knee)
Finance
Level 1 -- Attendance: 5309 (88,48%) -- Ticket Income 451 265 $
Level 2 -- Attendance: 5000 (100,00%) -- Ticket Income 260 000 $
Level 3 -- Attendance: 1557 (77,85%) -- Ticket Income 51 381 $
Level 4 -- Attendance: 2984 (74,60%) -- Ticket Income 68 632 $
Luxury Box -- Attendance: 718 (71,80%) -- Ticket Income 119 188 $
Game was played at the Duff Garden.
Total Attendance: 15568 (86,49%)
Total Ticket Income: 950 466 $
Other Income: 142 570 $
Total Income: 1 093 036 $
Red Wings
5 vs 5 Forward
Center Left Wing Right Wing Time % Phy DF OF
1 Mike Richards Rick Nash Steve Downie 40 0 2 3
2 Tyler Johnson Sean Bergenheim Phil Kessel 30 0 2 3
3 Tomas Plekanec Adam Henrique Ales Hemsky 20 1 2 2
4 Nate Thompson Alex Picard Mike Brown 10 1 2 2
5 vs 5 Defense
Defense Defense Time % Phy DF OF
1 Shea Weber Stephane Robidas 40 0 3 2
2 Filip Kuba Maxim Kondratiev 30 1 3 1
3 Chris Campoli Jonathan Sigalet 20 1 3 1
4 Chris Campoli Jonathan Sigalet 10 1 3 1
PowerPlay Forward
Center Left Wing Right Wing Time % Phy DF OF
1 Mike Richards Rick Nash Phil Kessel 60 0 1 4
2 Tyler Johnson Adam Henrique Sean Bergenheim 40 0 1 4
PowerPlay Defense
Defense Defense Time % Phy DF OF
1 Shea Weber Stephane Robidas 60 0 2 3
2 Filip Kuba Jonathan Sigalet 40 0 2 3
Penalty Kill 4 Players Forward
Center Wing Time % Phy DF OF
1 Tyler Johnson Steve Downie 50 1 2 2
2 Mike Richards Rick Nash 50 1 2 2
Penalty Kill 4 Players Defense
Defense Defense Time % Phy DF OF
1 Maxim Kondratiev Chris Campoli 60 1 2 2
2 Shea Weber Filip Kuba 40 1 2 2
Penalty Kill - 3 Players Forward
Forward Time % Phy DF OF
1 Tyler Johnson 60 1 2 2
2 Steve Downie 40 1 2 2
Penalty Kill - 3 Players Defense
Defense Defense Time % Phy DF OF
1 Maxim Kondratiev Chris Campoli 60 1 2 2
2 Shea Weber Filip Kuba 40 1 2 2
4 vs 4 Forward
Center Wing Time % Phy DF OF
1 Mike Richards Rick Nash 60 1 2 2
2 Tyler Johnson Sean Bergenheim 40 1 2 2
4 vs 4 Defense
Defense Defense Time % Phy DF OF
1 Shea Weber Filip Kuba 50 1 2 2
2 Stephane Robidas Jonathan Sigalet 50 1 2 2
Last Minutes Offensive
Center Left Wing Right Wing Defense Defense
Mike Richards Rick Nash Phil Kessel Shea Weber Filip Kuba
Last Minutes Defensive
Center Left Wing Right Wing Defense Defense
Tyler Johnson Rick Nash Steve Downie Shea Weber Maxim Kondratiev
Goaltenders
Starting : Michal Neuvirth
Backup : Mike McKenna
Extra Forwards
Normal : Rick Nash, Sean Bergenheim, Adam Henrique - PP : Steve Downie, Ales Hemsky - PK : Mike Brown
Extra Defensemen
Normal : Shea Weber, Filip Kuba, Jonathan Sigalet - PP : Chris Campoli - PK : Jonathan Sigalet, Stephane Robidas
Penalty Shots
Rick Nash, Mike Richards, Steve Downie, Shea Weber, Phil Kessel
Sabres
5 vs 5 Forward
Center Left Wing Right Wing Time % Phy DF OF
1 J.T. Miller Zach Parise Jason Pominville 35 1 2 2
2 Ryan O'Reilly Andrew Cogliano Jaromir Jagr 30 0 2 3
3 Brandon Sutter Matt Martin Zack Kassian 20 2 1 2
4 Patrice Cormier Michael Haley Enver Lisin 15 1 3 1
5 vs 5 Defense
Defense Defense Time % Phy DF OF
1 Danny Richmond Rob Scuderi 40 1 3 1
2 Jordan Leopold Zach Bogosian 30 0 3 2
3 Jakub Kindl Randy Jones 30 1 3 1
4 Jakub Kindl Randy Jones 0 1 3 1
PowerPlay Forward
Center Left Wing Right Wing Time % Phy DF OF
1 J.T. Miller Zach Parise Jason Pominville 60 1 1 3
2 Ryan O'Reilly Andrew Cogliano Zack Kassian 40 1 1 3
PowerPlay Defense
Defense Defense Time % Phy DF OF
1 Danny Richmond Zach Bogosian 75 1 1 3
2 Jordan Leopold Randy Jones 25 1 2 2
Penalty Kill 4 Players Forward
Center Wing Time % Phy DF OF
1 Andrew Cogliano Zach Parise 75 1 4 0
2 Jason Pominville Jaromir Jagr 25 1 4 0
Penalty Kill 4 Players Defense
Defense Defense Time % Phy DF OF
1 Jordan Leopold Rob Scuderi 75 1 4 0
2 Danny Richmond Randy Jones 25 1 4 0
Penalty Kill - 3 Players Forward
Forward Time % Phy DF OF
1 Andrew Cogliano 50 0 5 0
2 Zach Parise 50 0 5 0
Penalty Kill - 3 Players Defense
Defense Defense Time % Phy DF OF
1 Jordan Leopold Rob Scuderi 75 1 4 0
2 Danny Richmond Randy Jones 25 1 4 0
4 vs 4 Forward
Center Wing Time % Phy DF OF
1 Andrew Cogliano Zach Parise 75 1 1 3
2 Jason Pominville Enver Lisin 25 1 3 1
4 vs 4 Defense
Defense Defense Time % Phy DF OF
1 Jordan Leopold Rob Scuderi 50 1 3 1
2 Danny Richmond Zach Bogosian 50 1 2 2
Last Minutes Offensive
Center Left Wing Right Wing Defense Defense
Andrew Cogliano Zach Parise Jason Pominville Danny Richmond Zach Bogosian
Last Minutes Defensive
Center Left Wing Right Wing Defense Defense
Andrew Cogliano Zach Parise Jason Pominville Danny Richmond Rob Scuderi
Goaltenders
Starting : Robin Lehner
Backup : Jonas Hiller
Extra Forwards
Normal : Jaromir Jagr, J.T. Miller, Ryan O'Reilly - PP : Jaromir Jagr, Enver Lisin - PK : Brandon Sutter
Extra Defensemen
Normal : Jakub Kindl, Zach Bogosian, Danny Richmond - PP : Rob Scuderi - PK : Zach Bogosian, Jakub Kindl
Penalty Shots
Jaromir Jagr, Zach Parise, Andrew Cogliano, Enver Lisin, Jason Pominville
% Time on Ice - Red Wings
Lines # - Real PCT - Wanted PCT - Time Play
Normal Forward
1 - 37% - 40% - 18:31
2 - 25% - 30% - 12:47
3 - 20% - 20% - 10:13
4 - 17% - 10% - 8:42
Normal Defense
1 - 42% - 40% - 21:03
2 - 30% - 30% - 14:55
3 - 18% - 20% - 9:12
4 - 10% - 10% - 5:03
PP Forward
1 - 52% - 60% - 1:46
2 - 48% - 40% - 1:37
PP Defense
1 - 54% - 60% - 1:49
2 - 46% - 40% - 1:34
PK Forward
1 - 53% - 50% - 3:22
2 - 47% - 50% - 3:02
PK Defense
1 - 65% - 60% - 4:09
2 - 35% - 40% - 2:15
PK3 Forward
1 - 0% - 60%
2 - 0% - 40%
PK3 Defense
1 - 0% - 60%
2 - 0% - 40%
44 Forward
1 - 0% - 60%
2 - 0% - 40%
44 Defense
1 - 0% - 50%
2 - 0% - 50%
Last Minute Offensive - 0:00
Last Minute Defensive - 0:00
Total
Forward - 60:00
Defense - 60:00
|
% Time on Ice - Sabres
Lines # - Real PCT - Wanted PCT - Time Play
Normal Forward
1 - 31% - 35% - 15:36
2 - 33% - 30% - 16:29
3 - 20% - 20% - 10:06
4 - 16% - 15% - 8:02
Normal Defense
1 - 40% - 40% - 19:56
2 - 29% - 30% - 14:20
3 - 32% - 30% - 15:57
4 - 0% - 0% - 0:00
PP Forward
1 - 60% - 60% - 3:50
2 - 40% - 40% - 2:34
PP Defense
1 - 78% - 75% - 5:00
2 - 22% - 25% - 1:24
PK Forward
1 - 83% - 75% - 2:49
2 - 17% - 25% - 0:34
PK Defense
1 - 67% - 75% - 2:17
2 - 33% - 25% - 1:06
PK3 Forward
1 - 0% - 50%
2 - 0% - 50%
PK3 Defense
1 - 0% - 75%
2 - 0% - 25%
44 Forward
1 - 0% - 75%
2 - 0% - 25%
44 Defense
1 - 0% - 50%
2 - 0% - 50%
Last Minute Offensive - 0:00
Last Minute Defensive - 0:00
Total
Forward - 60:00
Defense - 60:00
|
Play by Play
1st period
0:01 of 1st period - J.T. Miller wins face-off versus Mike Richards in neutral zone.
0:06 of 1st period - Snap shot by Danny Richmond.
0:06 of 1st period - Shot Blocked by Stephane Robidas.
0:30 of 1st period - Jason Pominville is hit by Steve Downie and loses puck.
0:49 of 1st period - Wrist shot by Zach Parise.
0:49 of 1st period - Stopped by Michal Neuvirth with a rebound.
1:10 of 1st period - Minor Penalty to Danny Richmond for Roughing.
1:11 of 1st period - Andrew Cogliano wins face-off versus Tyler Johnson in Sabres zone.
1:30 of 1st period - Icing by Sean Bergenheim.
1:31 of 1st period - Tyler Johnson wins face-off versus Andrew Cogliano in Red Wings zone.
2:04 of 1st period - Wrist shot by Sean Bergenheim.
2:04 of 1st period - Goal by Sean Bergenheim - Red Wings : 1 - Sabres : 0.
2:05 of 1st period - Nate Thompson wins face-off versus Brandon Sutter in neutral zone.
3:09 of 1st period - Snap shot by Jason Pominville.
3:09 of 1st period - Stopped by Michal Neuvirth with a rebound.
3:16 of 1st period - Minor Penalty to Jordan Leopold for Hooking.
3:17 of 1st period - Andrew Cogliano wins face-off versus Mike Richards in Sabres zone.
3:25 of 1st period - Slapshot by Zach Parise.
3:25 of 1st period - Deflect By Andrew Cogliano.
3:25 of 1st period - Goal by Andrew Cogliano - Red Wings : 1 - Sabres : 1.
3:26 of 1st period - Andrew Cogliano wins face-off versus Mike Richards in neutral zone.
3:58 of 1st period - Wrist shot by Mike Richards.
3:58 of 1st period - Stopped by Robin Lehner with a rebound.
4:00 of 1st period - Slapshot by Shea Weber.
4:00 of 1st period - Shot Blocked by Jaromir Jagr.
4:02 of 1st period - Wrist shot by Phil Kessel.
4:02 of 1st period - Stopped by Robin Lehner without a rebound.
4:03 of 1st period - Tyler Johnson wins face-off versus Andrew Cogliano in Sabres zone.
4:48 of 1st period - Stephane Robidas is hit by Jason Pominville and loses puck.
5:16 of 1st period - Penalty to Jordan Leopold is over, Jordan Leopold is back on ice.
5:33 of 1st period - Slapshot by Nate Thompson.
5:33 of 1st period - Deflect By Alex Picard.
5:33 of 1st period - Shot Misses the Net.
5:33 of 1st period - Puck is out of play.
5:34 of 1st period - Mike Brown wins face-off versus Patrice Cormier in Sabres zone.
5:52 of 1st period - Maxim Kondratiev is hit by Michael Haley.
6:06 of 1st period - Wrist shot by Andrew Cogliano.
6:06 of 1st period - Goal by Andrew Cogliano - Red Wings : 1 - Sabres : 2.
6:07 of 1st period - Ryan O'Reilly wins face-off versus Tyler Johnson in neutral zone.
6:43 of 1st period - Snap shot by Mike Richards.
6:43 of 1st period - Stopped by Robin Lehner without a rebound.
6:44 of 1st period - Ryan O'Reilly wins face-off versus Ales Hemsky in Sabres zone.
6:44 of 1st period - Ryan O'Reilly is hit by Shea Weber.
7:06 of 1st period - Minor Penalty to Tomas Plekanec for Tripping.
7:07 of 1st period - Tyler Johnson wins face-off versus J.T. Miller in Red Wings zone.
7:59 of 1st period - Filip Kuba is hit by Zach Parise and loses puck.
9:06 of 1st period - Penalty to Tomas Plekanec is over, Tomas Plekanec is back on ice.
9:44 of 1st period - Wrist shot by Michael Haley.
9:44 of 1st period - Shot Misses the Net.
9:55 of 1st period - Wrist shot by Ales Hemsky.
9:55 of 1st period - Shot Blocked by Randy Jones.
9:57 of 1st period - Snap shot by Tomas Plekanec.
9:57 of 1st period - Stopped by Robin Lehner without a rebound.
9:58 of 1st period - Tyler Johnson wins face-off versus Ryan O'Reilly in Sabres zone.
9:59 of 1st period - Wrist shot by Phil Kessel.
9:59 of 1st period - Deflect By Jordan Leopold.
9:59 of 1st period - Shot Misses the Net.
9:59 of 1st period - Puck is out of play.
10:00 of 1st period - Ryan O'Reilly wins face-off versus Tyler Johnson in Sabres zone.
10:10 of 1st period - Off-side.
10:11 of 1st period - Mike Richards wins face-off versus J.T. Miller in neutral zone.
10:14 of 1st period - Slapshot by Shea Weber.
10:14 of 1st period - Deflect By Mike Richards.
10:14 of 1st period - Deflect By Randy Jones.
10:14 of 1st period - Shot Misses the Net.
10:14 of 1st period - Puck is out of play.
10:15 of 1st period - Zach Parise wins face-off versus Mike Richards in Sabres zone.
10:26 of 1st period - Slapshot by Rick Nash.
10:26 of 1st period - Stopped by Robin Lehner without a rebound.
10:27 of 1st period - Mike Richards wins face-off versus J.T. Miller in Sabres zone.
10:34 of 1st period - Slapshot by Zach Bogosian.
10:34 of 1st period - Stopped by Michal Neuvirth without a rebound.
10:35 of 1st period - Jason Pominville wins face-off versus Mike Richards in Red Wings zone.
10:54 of 1st period - Snap shot by Jason Pominville.
10:54 of 1st period - Shot Misses the Net.
11:27 of 1st period - Off-side.
11:28 of 1st period - Ryan O'Reilly wins face-off versus Tyler Johnson in neutral zone.
11:43 of 1st period - Slapshot by Jaromir Jagr.
11:43 of 1st period - Stopped by Michal Neuvirth with a rebound.
11:45 of 1st period - Snap shot by Jaromir Jagr.
11:45 of 1st period - Stopped by Michal Neuvirth without a rebound.
11:46 of 1st period - Brandon Sutter wins face-off versus Tomas Plekanec in Red Wings zone.
11:53 of 1st period - Zack Kassian is hit by Tomas Plekanec and loses puck.
12:19 of 1st period - Snap shot by Andrew Cogliano.
12:19 of 1st period - Deflect By Stephane Robidas.
12:19 of 1st period - Shot Blocked by Tyler Johnson.
12:19 of 1st period - Puck is out of play.
12:20 of 1st period - Tyler Johnson wins face-off versus Andrew Cogliano in Red Wings zone.
13:02 of 1st period - J.T. Miller is hit by Rick Nash and loses puck.
13:13 of 1st period - Slapshot by Adam Henrique.
13:13 of 1st period - Shot Blocked by Rob Scuderi.
13:15 of 1st period - Snap shot by Adam Henrique.
13:15 of 1st period - Goal by Adam Henrique - Red Wings : 2 - Sabres : 2.
13:16 of 1st period - Tyler Johnson wins face-off versus Ryan O'Reilly in neutral zone.
14:08 of 1st period - Slapshot by Chris Campoli.
14:08 of 1st period - Stopped by Robin Lehner with a rebound.
14:35 of 1st period - Backhand shot by Mike Brown.
14:35 of 1st period - Shot Misses the Net.
15:20 of 1st period - Icing by Mike Richards.
15:21 of 1st period - Ryan O'Reilly wins face-off versus Mike Richards in Red Wings zone.
16:19 of 1st period - Snap shot by Andrew Cogliano.
16:19 of 1st period - Shot Blocked by Rick Nash.
16:23 of 1st period - Snap shot by Andrew Cogliano.
16:23 of 1st period - Shot Hit the Post.
16:25 of 1st period - Backhand shot by Jaromir Jagr.
16:25 of 1st period - Shot Misses the Net.
16:27 of 1st period - Slapshot by Jakub Kindl.
16:27 of 1st period - Deflect By Andrew Cogliano.
16:27 of 1st period - Shot Blocked by Filip Kuba.
16:27 of 1st period - Puck is out of play.
16:28 of 1st period - Tyler Johnson wins face-off versus J.T. Miller in Red Wings zone.
16:33 of 1st period - Phil Kessel is hit by Jason Pominville.
17:04 of 1st period - Icing by Danny Richmond.
17:05 of 1st period - Tyler Johnson wins face-off versus J.T. Miller in Sabres zone.
17:14 of 1st period - Snap shot by Sean Bergenheim.
17:14 of 1st period - Shot Misses the Net.
17:32 of 1st period - Wrist shot by Jason Pominville.
17:32 of 1st period - Shot Misses the Net.
17:34 of 1st period - Backhand shot by Rob Scuderi.
17:34 of 1st period - Stopped by Michal Neuvirth without a rebound.
17:35 of 1st period - Brandon Sutter wins face-off versus Mike Richards in Red Wings zone.
17:36 of 1st period - Slapshot by Zach Bogosian.
17:36 of 1st period - Shot Blocked by Shea Weber.
17:38 of 1st period - Slapshot by Jordan Leopold.
17:38 of 1st period - Stopped by Michal Neuvirth with a rebound.
17:45 of 1st period - Minor Penalty to Stephane Robidas for Hooking.
17:46 of 1st period - Tyler Johnson wins face-off versus Ryan O'Reilly in Red Wings zone.
17:46 of 1st period - Tyler Johnson is hit by Andrew Cogliano.
17:55 of 1st period - Wrist shot by Mike Richards.
17:55 of 1st period - Shot Misses the Net.
19:26 of 1st period - Steve Downie is hit by Jason Pominville and loses puck.
19:45 of 1st period - Penalty to Stephane Robidas is over, Stephane Robidas is back on ice.
Goals for this period are 2 for Red Wings vs 2 for Sabres.
Shots for this period are 8 for Red Wings vs 9 for Sabres.
2nd period
0:01 of 2nd period - Mike Richards wins face-off versus Brandon Sutter in neutral zone.
0:14 of 2nd period - Wrist shot by Brandon Sutter.
0:14 of 2nd period - Stopped by Michal Neuvirth with a rebound.
0:16 of 2nd period - Snap shot by Zack Kassian.
0:16 of 2nd period - Stopped by Michal Neuvirth with a rebound.
0:26 of 2nd period - Shea Weber is hit by Rob Scuderi and loses puck.
0:57 of 2nd period - Wrist shot by Tyler Johnson.
0:57 of 2nd period - Stopped by Robin Lehner without a rebound.
0:58 of 2nd period - Tyler Johnson wins face-off versus Brandon Sutter in Sabres zone.
1:29 of 2nd period - Off-side.
1:30 of 2nd period - J.T. Miller wins face-off versus Tomas Plekanec in neutral zone.
1:37 of 2nd period - Wrist shot by Jason Pominville.
1:37 of 2nd period - Stopped by Michal Neuvirth with a rebound.
1:54 of 2nd period - Jaromir Jagr is hit by Ales Hemsky.
1:55 of 2nd period - Icing by Jaromir Jagr.
1:56 of 2nd period - Mike Richards wins face-off versus Andrew Cogliano in Sabres zone.
1:59 of 2nd period - Wrist shot by Mike Richards.
1:59 of 2nd period - Deflect By Steve Downie.
1:59 of 2nd period - Shot Misses the Net.
1:59 of 2nd period - Puck is out of play.
2:00 of 2nd period - Mike Richards wins face-off versus J.T. Miller in Sabres zone.
2:33 of 2nd period - Wrist shot by Phil Kessel.
2:33 of 2nd period - Shot Blocked by Jordan Leopold.
3:09 of 2nd period - Wrist shot by Zack Kassian.
3:09 of 2nd period - Shot Misses the Net.
3:11 of 2nd period - Backhand shot by Jordan Leopold.
3:11 of 2nd period - Shot Misses the Net.
3:13 of 2nd period - Wrist shot by Zack Kassian.
3:13 of 2nd period - Deflect By Brandon Sutter.
3:13 of 2nd period - Stopped by Michal Neuvirth with a rebound.
3:15 of 2nd period - Slapshot by Zach Bogosian.
3:15 of 2nd period - Shot Blocked by Filip Kuba.
3:17 of 2nd period - Wrist shot by Brandon Sutter.
3:17 of 2nd period - Stopped by Michal Neuvirth with a rebound.
3:19 of 2nd period - Wrist shot by Brandon Sutter.
3:19 of 2nd period - Stopped by Michal Neuvirth with a rebound.
3:21 of 2nd period - Slapshot by Zack Kassian.
3:21 of 2nd period - Stopped by Michal Neuvirth without a rebound.
3:22 of 2nd period - Ryan O'Reilly wins face-off versus Mike Richards in Red Wings zone.
3:36 of 2nd period - Icing by Jaromir Jagr.
3:37 of 2nd period - Ryan O'Reilly wins face-off versus Tyler Johnson in Sabres zone.
3:37 of 2nd period - Ryan O'Reilly is hit by Tyler Johnson.
4:11 of 2nd period - Snap shot by Rick Nash.
4:11 of 2nd period - Shot Misses the Net.
4:13 of 2nd period - Snap shot by Steve Downie.
4:13 of 2nd period - Shot Misses the Net.
4:31 of 2nd period - Wrist shot by Adam Henrique.
4:31 of 2nd period - Stopped by Robin Lehner without a rebound.
4:32 of 2nd period - Ryan O'Reilly wins face-off versus Tyler Johnson in Sabres zone.
5:08 of 2nd period - Wrist shot by Steve Downie.
5:08 of 2nd period - Shot Misses the Net.
5:10 of 2nd period - Minor Penalty to Zach Parise for High sticking.
5:11 of 2nd period - Mike Richards wins face-off versus Andrew Cogliano in Sabres zone.
5:22 of 2nd period - Snap shot by Phil Kessel.
5:22 of 2nd period - Deflect By Rick Nash.
5:22 of 2nd period - Shot Misses the Net.
5:22 of 2nd period - Puck is out of play.
5:23 of 2nd period - Andrew Cogliano wins face-off versus Mike Richards in Sabres zone.
5:36 of 2nd period - Snap shot by Mike Richards.
5:36 of 2nd period - Shot Misses the Net.
5:38 of 2nd period - Snap shot by Rick Nash.
5:38 of 2nd period - Shot Misses the Net.
5:40 of 2nd period - Snap shot by Shea Weber.
5:40 of 2nd period - Goal by Shea Weber - Red Wings : 3 - Sabres : 2.
5:41 of 2nd period - J.T. Miller wins face-off versus Mike Richards in neutral zone.
5:56 of 2nd period - Wrist shot by Mike Richards.
5:56 of 2nd period - Shot Blocked by Randy Jones.
6:57 of 2nd period - Snap shot by Jaromir Jagr.
6:57 of 2nd period - Shot Blocked by Filip Kuba.
6:59 of 2nd period - Slapshot by Jakub Kindl.
6:59 of 2nd period - Stopped by Michal Neuvirth with a rebound.
7:01 of 2nd period - Slapshot by Jaromir Jagr.
7:01 of 2nd period - Shot Misses the Net.
7:27 of 2nd period - Wrist shot by Ryan O'Reilly.
7:27 of 2nd period - Stopped by Michal Neuvirth with a rebound.
8:04 of 2nd period - Minor Penalty to Mike Brown for Hooking.
8:05 of 2nd period - J.T. Miller wins face-off versus Mike Richards in Red Wings zone.
8:05 of 2nd period - Snap shot by Jason Pominville.
8:05 of 2nd period - Shot Misses the Net.
8:07 of 2nd period - Wrist shot by Jason Pominville.
8:07 of 2nd period - Stopped by Michal Neuvirth without a rebound.
8:08 of 2nd period - J.T. Miller wins face-off versus Mike Richards in Red Wings zone.
8:23 of 2nd period - Slapshot by Zach Bogosian.
8:23 of 2nd period - Stopped by Michal Neuvirth without a rebound.
8:24 of 2nd period - Tyler Johnson wins face-off versus J.T. Miller in Red Wings zone.
8:34 of 2nd period - Wrist shot by Tyler Johnson.
8:34 of 2nd period - Shot Misses the Net.
8:36 of 2nd period - Slapshot by Tyler Johnson.
8:36 of 2nd period - Shot Blocked by Danny Richmond.
8:38 of 2nd period - Slapshot by Shea Weber.
8:38 of 2nd period - Stopped by Robin Lehner with a rebound.
8:40 of 2nd period - Snap shot by Tyler Johnson.
8:40 of 2nd period - Shot Misses the Net.
10:04 of 2nd period - Penalty to Mike Brown is over, Mike Brown is back on ice.
10:16 of 2nd period - Shea Weber is hit by Jordan Leopold and loses puck.
10:32 of 2nd period - Danny Richmond is hit by Nate Thompson and loses puck.
11:29 of 2nd period - Zach Parise is hit by Filip Kuba.
11:33 of 2nd period - J.T. Miller is hit by Mike Brown and loses puck.
11:54 of 2nd period - Randy Jones is hit by Maxim Kondratiev and loses puck.
12:13 of 2nd period - Jakub Kindl is hit by Chris Campoli and loses puck.
12:37 of 2nd period - Rob Scuderi is hit by Tomas Plekanec.
13:20 of 2nd period - Icing by Shea Weber.
13:21 of 2nd period - Zach Parise wins face-off versus Mike Brown in Red Wings zone.
13:24 of 2nd period - Slapshot by Zach Parise.
13:24 of 2nd period - Shot Misses the Net.
13:52 of 2nd period - Slapshot by Jonathan Sigalet.
13:52 of 2nd period - Shot Misses the Net.
14:10 of 2nd period - Zach Bogosian is hit by Sean Bergenheim and loses puck.
14:17 of 2nd period - Sean Bergenheim is hit by Patrice Cormier and loses puck.
14:32 of 2nd period - Slapshot by Adam Henrique.
14:32 of 2nd period - Deflect By Tomas Plekanec.
14:32 of 2nd period - Shot Blocked by Jason Pominville.
14:32 of 2nd period - Puck is out of play.
14:33 of 2nd period - Tomas Plekanec wins face-off versus J.T. Miller in Sabres zone.
14:44 of 2nd period - Snap shot by Ales Hemsky.
14:44 of 2nd period - Stopped by Robin Lehner without a rebound.
14:45 of 2nd period - J.T. Miller wins face-off versus Mike Richards in Sabres zone.
14:54 of 2nd period - Rick Nash is hit by Jason Pominville and loses puck.
15:32 of 2nd period - Snap shot by Nate Thompson.
15:32 of 2nd period - Stopped by Robin Lehner without a rebound.
15:33 of 2nd period - Nate Thompson wins face-off versus Patrice Cormier in Sabres zone.
16:02 of 2nd period - Slapshot by Chris Campoli.
16:02 of 2nd period - Shot Blocked by Jordan Leopold.
16:37 of 2nd period - Chris Campoli is hit by Jaromir Jagr.
16:43 of 2nd period - Jaromir Jagr is hit by Adam Henrique and loses puck.
17:28 of 2nd period - J.T. Miller is hit by Mike Richards and loses puck.
17:54 of 2nd period - Jordan Leopold is hit by Phil Kessel and loses puck.
18:27 of 2nd period - Snap shot by Andrew Cogliano.
18:27 of 2nd period - Shot Misses the Net.
18:35 of 2nd period - Jaromir Jagr is hit by Steve Downie and loses puck.
19:08 of 2nd period - Slapshot by Stephane Robidas.
19:08 of 2nd period - Deflect By Zack Kassian.
19:08 of 2nd period - Stopped by Robin Lehner with a rebound.
19:10 of 2nd period - Wrist shot by Sean Bergenheim.
19:10 of 2nd period - Deflect By Phil Kessel.
19:10 of 2nd period - Stopped by Robin Lehner without a rebound.
19:11 of 2nd period - Brandon Sutter wins face-off versus Tyler Johnson in Sabres zone.
19:19 of 2nd period - Off-side.
19:20 of 2nd period - J.T. Miller wins face-off versus Mike Richards in neutral zone.
19:33 of 2nd period - Slapshot by Mike Richards.
19:33 of 2nd period - Stopped by Robin Lehner without a rebound.
19:34 of 2nd period - J.T. Miller wins face-off versus Mike Richards in Sabres zone.
19:34 of 2nd period - J.T. Miller is hit by Mike Richards.
Goals for this period are 1 for Red Wings vs 0 for Sabres.
Shots for this period are 9 for Red Wings vs 11 for Sabres.
3rd period
0:01 of 3rd period - Mike Richards wins face-off versus J.T. Miller in neutral zone.
0:44 of 3rd period - Snap shot by Adam Henrique.
0:44 of 3rd period - Stopped by Robin Lehner without a rebound.
0:45 of 3rd period - Tomas Plekanec wins face-off versus Ryan O'Reilly in Sabres zone.
0:48 of 3rd period - Snap shot by Tomas Plekanec.
0:48 of 3rd period - Shot Misses the Net.
1:17 of 3rd period - Slapshot by Zach Bogosian.
1:17 of 3rd period - Shot Misses the Net.
1:19 of 3rd period - Slapshot by Zach Bogosian.
1:19 of 3rd period - Deflect By Shea Weber.
1:19 of 3rd period - Stopped by Michal Neuvirth with a rebound.
2:09 of 3rd period - Slapshot by Michael Haley.
2:09 of 3rd period - Stopped by Michal Neuvirth without a rebound.
2:10 of 3rd period - Mike Richards wins face-off versus J.T. Miller in Red Wings zone.
2:27 of 3rd period - Icing by Jonathan Sigalet.
2:28 of 3rd period - Ryan O'Reilly wins face-off versus Mike Richards in Red Wings zone.
2:45 of 3rd period - Rick Nash is hit by Jordan Leopold and loses puck.
3:02 of 3rd period - Backhand shot by Sean Bergenheim.
3:02 of 3rd period - Shot Misses the Net.
3:04 of 3rd period - Wrist shot by Sean Bergenheim.
3:04 of 3rd period - Stopped by Robin Lehner with a rebound.
3:06 of 3rd period - Snap shot by Phil Kessel.
3:06 of 3rd period - Shot Misses the Net.
3:08 of 3rd period - Slapshot by Chris Campoli.
3:08 of 3rd period - Shot Blocked by Jason Pominville.
4:08 of 3rd period - Snap shot by Steve Downie.
4:08 of 3rd period - Deflect By Rick Nash.
4:08 of 3rd period - Stopped by Robin Lehner with a rebound.
4:28 of 3rd period - Wrist shot by Zach Parise.
4:28 of 3rd period - Shot Misses the Net.
5:02 of 3rd period - Wrist shot by Alex Picard.
5:02 of 3rd period - Stopped by Robin Lehner with a rebound.
5:08 of 3rd period - Mike Brown is hit by Michael Haley.
5:20 of 3rd period - Snap shot by Andrew Cogliano.
5:20 of 3rd period - Stopped by Michal Neuvirth without a rebound.
5:21 of 3rd period - Ryan O'Reilly wins face-off versus Mike Richards in Red Wings zone.
5:46 of 3rd period - Maxim Kondratiev is hit by Zach Parise and loses puck.
6:11 of 3rd period - Slapshot by Adam Henrique.
6:11 of 3rd period - Stopped by Robin Lehner without a rebound.
6:12 of 3rd period - Tomas Plekanec wins face-off versus Ryan O'Reilly in Sabres zone.
6:15 of 3rd period - Snap shot by Ales Hemsky.
6:15 of 3rd period - Stopped by Robin Lehner with a rebound.
6:17 of 3rd period - Slapshot by Filip Kuba.
6:17 of 3rd period - Shot Misses the Net.
6:23 of 3rd period - Snap shot by Ales Hemsky.
6:23 of 3rd period - Stopped by Robin Lehner with a rebound.
6:25 of 3rd period - Snap shot by Tomas Plekanec.
6:25 of 3rd period - Stopped by Robin Lehner with a rebound.
6:59 of 3rd period - Snap shot by Zach Parise.
6:59 of 3rd period - Shot Misses the Net.
7:05 of 3rd period - Slapshot by Phil Kessel.
7:05 of 3rd period - Shot Misses the Net.
7:07 of 3rd period - Slapshot by Phil Kessel.
7:07 of 3rd period - Shot Hit the Post.
8:27 of 3rd period - Wrist shot by Sean Bergenheim.
8:27 of 3rd period - Stopped by Robin Lehner without a rebound.
8:28 of 3rd period - Brandon Sutter wins face-off versus Tyler Johnson in Sabres zone.
9:35 of 3rd period - Minor Penalty to Mike Brown for Cross-checking.
9:36 of 3rd period - Mike Richards wins face-off versus J.T. Miller in Red Wings zone.
9:42 of 3rd period - Snap shot by Zach Parise.
9:42 of 3rd period - Stopped by Michal Neuvirth without a rebound.
9:43 of 3rd period - Mike Richards wins face-off versus J.T. Miller in Red Wings zone.
10:02 of 3rd period - Slapshot by Zach Bogosian.
10:02 of 3rd period - Goal by Zach Bogosian - Red Wings : 3 - Sabres : 3.
10:03 of 3rd period - Mike Richards wins face-off versus J.T. Miller in neutral zone.
10:09 of 3rd period - Icing by Rob Scuderi.
10:10 of 3rd period - Mike Richards wins face-off versus Zach Parise in Sabres zone.
10:35 of 3rd period - Slapshot by Danny Richmond.
10:35 of 3rd period - Deflect By Stephane Robidas.
10:35 of 3rd period - Stopped by Michal Neuvirth with a rebound.
10:37 of 3rd period - Slapshot by Danny Richmond.
10:37 of 3rd period - Shot Blocked by Shea Weber.
10:39 of 3rd period - Snap shot by Rob Scuderi.
10:39 of 3rd period - Shot Blocked by Stephane Robidas.
10:41 of 3rd period - Slapshot by Danny Richmond.
10:41 of 3rd period - Deflect By Ryan O'Reilly.
10:41 of 3rd period - Shot Misses the Net.
10:41 of 3rd period - Puck is out of play.
10:42 of 3rd period - Mike Richards wins face-off versus Ryan O'Reilly in Red Wings zone.
10:59 of 3rd period - Snap shot by Andrew Cogliano.
10:59 of 3rd period - Deflect By Ryan O'Reilly.
10:59 of 3rd period - Shot Misses the Net.
10:59 of 3rd period - Puck is out of play.
11:00 of 3rd period - Tyler Johnson wins face-off versus Zach Parise in Red Wings zone.
11:00 of 3rd period - Tyler Johnson is hit by Jason Pominville.
11:12 of 3rd period - Snap shot by Jason Pominville.
11:12 of 3rd period - Shot Blocked by Stephane Robidas.
11:49 of 3rd period - Zack Kassian is hit by Steve Downie and loses puck.
11:50 of 3rd period - Zack Kassian from Sabres is injured at 11:50 of 3rd period (Sprained Left Knee).
11:51 of 3rd period - J.T. Miller wins face-off versus Mike Richards in Sabres zone.
12:23 of 3rd period - Danny Richmond is hit by Jonathan Sigalet and loses puck.
12:42 of 3rd period - Patrice Cormier is hit by Alex Picard and loses puck.
14:14 of 3rd period - Off-side.
14:15 of 3rd period - Mike Richards wins face-off versus Ryan O'Reilly in neutral zone.
14:29 of 3rd period - Wrist shot by Andrew Cogliano.
14:29 of 3rd period - Deflect By Jaromir Jagr.
14:29 of 3rd period - Shot Misses the Net.
14:29 of 3rd period - Puck is out of play.
14:30 of 3rd period - Tyler Johnson wins face-off versus J.T. Miller in Red Wings zone.
14:53 of 3rd period - Rob Scuderi is hit by Phil Kessel and loses puck.
15:02 of 3rd period - Wrist shot by Jason Pominville.
15:02 of 3rd period - Stopped by Michal Neuvirth without a rebound.
15:03 of 3rd period - Brandon Sutter wins face-off versus Tomas Plekanec in Red Wings zone.
15:28 of 3rd period - Andrew Cogliano is hit by Rick Nash and loses puck.
15:33 of 3rd period - Snap shot by Steve Downie.
15:33 of 3rd period - Goal by Steve Downie - Red Wings : 4 - Sabres : 3.
15:34 of 3rd period - Tomas Plekanec wins face-off versus Brandon Sutter in neutral zone.
15:34 of 3rd period - Tomas Plekanec is hit by Jaromir Jagr.
15:37 of 3rd period - Shea Weber is hit by Rob Scuderi and loses puck.
15:48 of 3rd period - Snap shot by Tomas Plekanec.
15:48 of 3rd period - Stopped by Robin Lehner with a rebound.
15:50 of 3rd period - Slapshot by Shea Weber.
15:50 of 3rd period - Stopped by Robin Lehner without a rebound.
15:51 of 3rd period - Enver Lisin wins face-off versus Mike Richards in Sabres zone.
16:21 of 3rd period - Wrist shot by Brandon Sutter.
16:21 of 3rd period - Stopped by Michal Neuvirth without a rebound.
16:22 of 3rd period - Brandon Sutter wins face-off versus Tomas Plekanec in Red Wings zone.
16:31 of 3rd period - Snap shot by Adam Henrique.
16:31 of 3rd period - Shot Blocked by Jordan Leopold.
16:33 of 3rd period - Snap shot by Tomas Plekanec.
16:33 of 3rd period - Stopped by Robin Lehner with a rebound.
16:40 of 3rd period - Icing by Jaromir Jagr.
16:41 of 3rd period - Mike Richards wins face-off versus Brandon Sutter in Sabres zone.
16:44 of 3rd period - Snap shot by Steve Downie.
16:44 of 3rd period - Stopped by Robin Lehner without a rebound.
16:45 of 3rd period - Mike Richards wins face-off versus Brandon Sutter in Sabres zone.
16:46 of 3rd period - Snap shot by Rick Nash.
16:46 of 3rd period - Shot Misses the Net.
16:48 of 3rd period - Snap shot by Chris Campoli.
16:48 of 3rd period - Stopped by Robin Lehner with a rebound.
17:10 of 3rd period - Adam Henrique is hit by Zach Bogosian.
17:20 of 3rd period - Wrist shot by Enver Lisin.
17:20 of 3rd period - Shot Misses the Net.
17:50 of 3rd period - Snap shot by Mike Richards.
17:50 of 3rd period - Stopped by Robin Lehner without a rebound.
17:51 of 3rd period - Mike Richards wins face-off versus Jaromir Jagr in Sabres zone.
18:08 of 3rd period - Snap shot by Andrew Cogliano.
18:08 of 3rd period - Shot Misses the Net.
18:45 of 3rd period - Rick Nash is hit by Danny Richmond and loses puck.
18:48 of 3rd period - Sabres, Robin Lehner is pulled from the net.
18:50 of 3rd period - Wrist shot by Andrew Cogliano.
18:50 of 3rd period - Shot Misses the Net.
18:52 of 3rd period - Slapshot by Zach Bogosian.
18:52 of 3rd period - Shot Misses the Net.
18:54 of 3rd period - Snap shot by Jaromir Jagr.
18:54 of 3rd period - Shot Misses the Net.
19:14 of 3rd period - Snap shot by Jaromir Jagr.
19:14 of 3rd period - Shot Misses the Net.
19:34 of 3rd period - Chris Campoli is hit by Randy Jones and loses puck.
19:43 of 3rd period - Ryan O'Reilly is hit by Shea Weber.
Goals for this period are 1 for Red Wings vs 1 for Sabres.
Shots for this period are 16 for Red Wings vs 8 for Sabres.
Back to the Top